Cogmind - Beta 16 --- EXPLORER MODE // 2026.01.19 @ 12:45:57 Player: K.K.Y. Result: Destroyed by HR-PPV(R) with Subdweller Machine Gun Performance ------------- Evolutions (0) 0 Regions Visited (3) 600 Robots Destroyed (56) 280 Value Destroyed (1398) 1398 Prototype IDs (0) 0 Alien Tech Used (0) 0 Bonus (0) 0 TOTAL SCORE: 2278 Bonus ------- None Cogmind --------- Core Integrity 0/250 Matter 252/300 Energy 97/100 System Corruption 0% Temperature Cool (0) Movement Core (450) Ox8 Location -10/Subcaves Parts ------- > --- POWER (1) -------- (None) > --- PROPULSION (2) --- (None) > --- UTILITY (3) ------ Large Storage Unit Sensor Array > --- WEAPON (2) ------- Battle Cannon Makeshift Spear > --- INVENTORY (15) --- Improved Heat Sink Improved Heat Sink Medium Storage Unit High-capacity Storage Unit Huge Storage Unit Cargo Storage Unit Improved Terrain Scanner Makeshift System Shield Makeshift System Shield Makeshift Laser Battle Rifle Mining Laser Multitool Makeshift Spear Peak State ------------ > --- POWER ------------ Light Angular Momentum Engine > --- PROPULSION ------- Light Treads Light Treads > --- UTILITY ---------- High-capacity Storage Unit Structural Scanner Sensor Array > --- WEAPON ----------- Light EM Pulse Cannon Makeshift Spear > --- INVENTORY -------- Light Nuclear Core Light Nuclear Core Improved Heat Sink Improved Heat Sink Medium Storage Unit Large Storage Unit Huge Storage Unit Cargo Storage Unit Improved Terrain Scanner Makeshift System Shield Light EM Pulse Cannon Light EM Pulse Cannon Mining Laser Makeshift Spear [Rating: 19] Favorites ----------- Power Ion Engine Engine Ion Engine Power Core Light Nuclear Core Propulsion Light Treads Treads Light Treads Utility Light Armor Plating Device Sensor Array Storage Large Storage Unit Protection Light Armor Plating Weapon Beam Cannon Energy Cannon Beam Cannon Ballistic Gun Assault Rifle Ballistic Cannon Battle Cannon Special Weapon Mining Laser Piercing Weapon Makeshift Spear Build | -11 -10 -10 -10 ------- Run | Yrd Mat Min Sub Slots Evolved 1 | . 1 . . Power . | . . . . Propulsion . | . . . . Utility 1 | . 1 . . Weapon . | . . . . Parts Attached 28 | 8 9 2 9 Power 4 | 1 . 1 2 Engine 2 | 1 . . 1 Core 2 | . . 1 1 Reactor . | . . . . Propulsion 3 | 2 1 . . Treads 3 | 2 1 . . Leg . | . . . . Wheel . | . . . . Hover . | . . . . Flight . | . . . . Utility 11 | 3 5 1 2 Device 2 | . . . 2 Storage 4 | 1 3 . . Processor . | . . . . Hackware . | . . . . Protection 5 | 2 2 1 . Artifact . | . . . . Weapon 10 | 2 3 . 5 Energy Gun . | . . . . Energy Cannon 5 | . 2 . 3 Ballistic Gun 2 | 2 . . . Ballistic Cannon 1 | . . . 1 Launcher . | . . . . Special Weapon 1 | . 1 . . Impact Weapon . | . . . . Slashing Weapon . | . . . . Piercing Weapon 1 | . . . 1 Special Melee Weapon . | . . . . Unidentified Prototypes . | . . . . Parts Lost 12 | . 1 1 10 Power 4 | . . 1 3 Propulsion 2 | . . . 2 Utility 4 | . 1 . 3 Weapon 2 | . . . 2 Highest Loss Streak 4 | . 1 1 4 To Critical Strikes 1 | . . . 1 Average Backups 12 | 1 9 13 14 Power . | . . . 1 Propulsion . | . . . . Utility 6 | 1 5 7 8 Weapon 4 | . 3 5 3 Tool/Special . | . . . . Unused Backups 13 | 1 1 . 11 Power 1 | 1 . . . Propulsion . | . . . . Utility 7 | . . . 7 Weapon 4 | . 1 . 3 Tool/Special 1 | . . . 1 Average Slot Usage (%) 90 | . 92 99 79 Engine 6 | . 11 4 3 Core 3 | . . 7 3 Treads 20 | . 24 25 12 Device 5 | . . . 16 Storage 11 | . 10 12 12 Protection 18 | . 24 25 6 Energy Cannon 18 | . 18 24 12 Ballistic Cannon 1 | . . . 5 Piercing Weapon 2 | . . . 6 Peak Build Rating 19 | 7 10 12 19 Average Rating 10 | 5 8 11 13 On Entrance 7 | . 7 10 12 Avg Prop Armor Cover (%) . | . . . . Naked Turns . | . . . . Heaviest Build 60 | 15 54 37 60 Greatest Support 40 | 40 40 40 40 Greatest Overweight (x) 15 | . 12 . 15 Average Overweight (x) . | . . . 3 Largest Inventory Capacity 25 | 10 25 15 20 Average Capacity 15 | 5 15 15 17 Most Carried 19 | 5 16 15 19 Average Carried 12 | 2 9 14 15 Final Capacity 15 | 5 15 15 15 Final Carried 15 | 3 14 15 15 Class Distribution -------------------- 100% | Hacker-Mutant Dominant Class ---------------- Hacker-Mutant | -10/Materials Hacker-Mutant | -10/Mines Hacker-Mutant | -10/Subcaves Resources | -11 -10 -10 -10 ----------- Run | Yrd Mat Min Sub Matter Collected 826 | 323 276 40 187 Remotely . | . . . . Salvage Created 1797 | 175 956 272 394 Parts 119 | 19 58 19 23 Haulers Intercepted 2 | . 2 . . Recyclers Shooed 3 | . 3 . . Parts Field Recycled . | . . . . Retrieved Matter . | . . . . Parts Self-Destructed . | . . . . Prevented . | . . . . Parts Restored . | . . . . Kills | -11 -10 -10 -10 ------- Run | Yrd Mat Min Sub Combat Hostiles Destroyed 41 | . 20 10 11 Cannons 37 | . 19 10 8 Classes Destroyed 10 | 2 6 . 2 Worker 1 | . 1 . . Builder 3 | . 2 1 . Tunneler 5 | 5 . . . Hauler 2 | . 2 . . Recycler 2 | 1 1 . . Watcher 2 | . 2 . . Swarmer 10 | . 4 6 . Grunt 20 | . 16 4 . Artisan 2 | . . . 2 Subdweller 11 | . . . 11 Best Kill Streak 6 | 6 5 2 2 Combat Bots Only 3 | . 3 2 2 Max Kills in Single Turn 2 | 2 2 1 1 Gunslinging . | . . . . Exploded . | . . . . Melee . | . . . . Uniques/NPCs Destroyed . | . . . . Combat | -11 -10 -10 -10 -------- Run | Yrd Mat Min Sub Hostile Shots Fired 203 | . 77 34 92 Missed 62 | . 24 12 26 Hits 141 | . 53 22 66 Projectile 141 | . 53 22 66 AOE 2 | . . . 2 Critical Strikes 4 | . 1 . 3 Damage Taken 1551 | . 380 136 1035 Core 261 | . 37 14 210 Absorbed by Shields . | . . . . Ignored by Resistances 946 | . 246 90 610 Core Remaining (%) 100 | 100 . . . Volleys Fired 189 | 12 76 19 82 Largest 2 | 2 2 2 2 Hottest 160 | 40 160 120 120 Shots Fired 270 | 24 89 38 119 Gun 24 | 24 . . . Cannon 244 | . 87 38 119 Launcher . | . . . . Special 2 | . 2 . . Kinetic 47 | 24 . . 23 Thermal 143 | . 89 38 16 Explosive . | . . . . Electromagnetic 80 | . . . 80 Robot Hit Streak 18 | 16 18 12 18 Robot Miss Streak 4 | 1 4 2 1 Penetration Max . | . . . . Secondary Targets . | . . . . Shots Hit Robots 178 | 18 62 22 76 Core Hits 69 | 7 28 13 21 Critical Kills 1 | . . . 1 Critical Parts Destroyed . | . . . . Critical Strikes 2 | . . . 2 Meltdown 1 | . . . 1 Blast 1 | . . . 1 Melee Attacks 14 | . . . 14 Impact . | . . . . Slashing . | . . . . Piercing 14 | . . . 14 Sneak Attacks . | . . . . Combat Hostiles . | . . . . Follow-up Attacks . | . . . . Damage Inflicted 3369 | 245 1175 403 1546 Guns 245 | 245 . . . Cannons 2820 | . 1175 403 1242 Explosions 80 | . . . 80 Melee 224 | . . . 224 Ramming . | . . . . Kinetic 658 | 245 . . 413 Thermal 1923 | . 1175 403 345 Explosive . | . . . . Electromagnetic 564 | . . . 564 Impact . | . . . . Slashing . | . . . . Piercing 224 | . . . 224 Highest Corruption . | . . . . Average Corruption . | . . . . Corruption Purged . | . . . . Corruption Blocked . | . . . . Overload Shots . | . . . . Overflow Damage 3 | . 3 . . Projectiles 3 | . 3 . . Explosions . | . . . . Melee . | . . . . Knockbacks 5 | . . . 5 Impact . | . . . . Kinetic 5 | . . . 5 Secondary . | . . . . Self-Inflicted Damage 26 | . . . 26 Shots 1 | . . . 1 Rammed . | . . . . Targets Rammed . | . . . . Kicked . | . . . . Crushed . | . . . . Highest Temperature 480 | . 480 426 231 Average Temperature 123 | . 124 147 59 Received Heat Transfer 810 | . 267 78 465 Effects 7 | . 5 1 1 Shutdowns 1 | . 1 . . Energy Bleed 3 | . 1 1 1 Interference 2 | . 2 . . Matter Decay 1 | . 1 . . Siege Activations . | . . . . Martial Activations . | . . . . Shielding Activations . | . . . . Robots Disrupted . | . . . . Combat Hostiles . | . . . . Robots Corrupted 2 | . . . 2 Combat Hostiles 2 | . . . 2 Parts Fried 5 | . . . 5 Impact Corruptions . | . . . . Robots Melted 2 | . 1 . 1 Combat Hostiles 2 | . 1 . 1 Parts Melted 10 | . 4 5 1 Heat Transferred 3985 | . 2479 851 655 Parts Sabotaged . | . . . . Parts Stolen . | . . . . Parts Stripped . | . . . . Power Chain Reactions 1 | . . . 1 Alert | -11 -10 -10 -10 ------- Run | Yrd Mat Min Sub Maximum Alert Level . | . . . . Low Security (%) 100 | 100 100 100 . Level 1 . | . . . . Level 2 . | . . . . Level 3 . | . . . . Level 4 . | . . . . Level 5 . | . . . . High Security . | . . . . Max Security . | . . . . Peak Influence 108 | 15 108 55 . Initial . | . . . . Average 12 | 2 18 6 . Influence Increases 914 | 30 618 266 . Destroy 0b10 Robot/C 600 | . 400 200 . Destroy 0b10 Robot/NC 75 | 30 40 5 . Destroy Leader 138 | . 88 50 . Allied During Kill 3 | . . 3 . Successful Hack 66 | . 66 . . Disable Machine 16 | . 8 8 . Destroy Structure 1 | . 1 . . Lose Combat Pursuer 15 | . 15 . . Influence Decreases 914 | 30 618 266 . Time Decay 904 | 30 608 266 . Lost Part 10 | . 10 . . Squads Dispatched 5 | . 5 . . Investigation 5 | . 5 . . Extermination . | . . . . Reinforcement . | . . . . Assault . | . . . . Garrison . | . . . . Intercept . | . . . . Searches Triggered . | . . . . Construction Impeded . | . . . . Haulers Reinforced . | . . . . Active Scanning Responses . | . . . . Cargo Convoy Interrupts . | . . . . Stealth | -11 -10 -10 -10 --------- Run | Yrd Mat Min Sub Distress Signals 3 | . 3 . . Communications Jammed . | . . . . Distress Signals . | . . . . Times Spotted 50 | . 28 10 12 Peak Tracking Total 5 | . 5 2 2 Tactical Retreats 1 | . 1 . . Traps | -11 -10 -10 -10 ------- Run | Yrd Mat Min Sub Traps Triggered 5 | . 5 . . Indirectly . | . . . . Trap Hack Attempts . | . . . . Triggered . | . . . . Disarmed . | . . . . Reprogrammed . | . . . . Reused . | . . . . Traps Extracted . | . . . . Installed . | . . . . Triggered . | . . . . Machines | -11 -10 -10 -10 ---------- Run | Yrd Mat Min Sub Machines Disabled 4 | . 2 2 . Max in Single Turn 1 | . 1 1 . Machines Repaired . | . . . . Machines Dismantled . | . . . . Machines Sabotaged . | . . . . Overloaded Fab Kills . | . . . . Hacking | -11 -10 -10 -10 --------- Run | Yrd Mat Min Sub Machines Accessed 8 | . 8 . . Terminals 8 | . 8 . . Fabricators . | . . . . Repair Stations . | . . . . Recycling Units . | . . . . Scanalyzers . | . . . . Garrison Access . | . . . . Total Hacks 34 | . 34 . . Successful 13 | . 13 . . Failed 21 | . 21 . . Catastrophic 2 | . 2 . . Database Lockouts . | . . . . Manual 36 | . 36 . . Terminals 34 | . 34 . . Fabricators . | . . . . Repair Stations . | . . . . Recycling Units . | . . . . Scanalyzers . | . . . . Garrison Access . | . . . . Terminal Hacks 13 | . 13 . . Part Schematic 13 | . 13 . . Fabricator Hacks . | . . . . Repair Station Hacks . | . . . . Recycling Unit Hacks . | . . . . Scanalyzer . | . . . . Garrison Access Hacks . | . . . . Unauthorized Hacks . | . . . . Terminals . | . . . . Fabricators . | . . . . Repair Stations . | . . . . Recycling Units . | . . . . Scanalyzers . | . . . . Garrison Access . | . . . . Data Cores Recovered . | . . . . Used . | . . . . Hacking Detections 8 | . 8 . . Full Trace Events 7 | . 7 . . Feedback Events . | . . . . Feedback Blocked . | . . . . Robot Schematics Acquired . | . . . . Robots Built . | . . . . Authchips . | . . . . Time . | . . . . Total Robot Build Rating . | . . . . Part Schematics Acquired 10 | . 10 . . Parts Built . | . . . . Authchips . | . . . . Time . | . . . . Total Part Build Rating . | . . . . Part Studies Acquired . | . . . . Parts Repaired . | . . . . Time . | . . . . Parts Recycled . | . . . . Recycled Matter . | . . . . Retrieved Matter . | . . . . Retrieved Components . | . . . . Parts Scanalyzed . | . . . . Part Schematics Acquired . | . . . . Parts Damaged . | . . . . Bothacking | -11 -10 -10 -10 ------------ Run | Yrd Mat Min Sub Used RIF Installer . | . . . . Robots Hacked . | . . . . Non-combat . | . . . . Combat . | . . . . Robot Hacks Applied . | . . . . Relay Couplers Released . | . . . . Fabnet Peak Effective % . | . . . . Robots Rewired . | . . . . Allies Hacked . | . . . . Hacks Repelled . | . . . . Allies | -11 -10 -10 -10 -------- Run | Yrd Mat Min Sub Total Allies 2 | . . 2 . Largest Group 2 | . . 2 2 Highest-Rated Group 45 | . . 45 45 Highest-Rated Ally 31 | . . 31 31 Total Orders . | . . . . Ally Attacks 4 | . . 1 3 Total Damage 65 | . . . 65 Kills . | . . . . Allies Corrupted . | . . . . Allies Melted . | . . . . Intel | -11 -10 -10 -10 ------- Run | Yrd Mat Min Sub Active Infowar (turns) 1101 | . . . 1101 Sensors 1100 | . . . 1100 Structural 1098 | . . . 1098 Robot Analysis Total . | . . . . Derelict Logs Recovered 1 | . . . 1 Drone Launches . | . . . . Drone Recoveries . | . . . . Exploration | -11 -10 -10 -10 ------------- Run | Yrd Mat Min Sub Turns Passed 5043 | 129 1739 1503 1672 Spaces Moved 2179 | 60 859 855 405 Core 170 | 19 5 . 146 Treads 2009 | 41 854 855 259 Legs . | . . . . Wheels . | . . . . Hover . | . . . . Flight . | . . . . Fastest Speed 50 | 50 160 160 160 Average Speed 195 | 125 175 160 324 Slowest Speed 800 | 160 650 160 800 Overloaded Moves . | . . . . Propulsion Burnouts . | . . . . Robots Hopped . | . . . . Potential Cave-ins . | . . . . Cave-ins Triggered . | . . . . Exploration Rate (%) 56 | 4 99 99 22 Regions Visited 3 Branch Regions 2 Pre-discovered Areas . | . . . . Known Exits Taken 3 | 1 1 1 . Unknown Exits Taken . | . . . . Scrap Searched 7 | . . 1 6 Spaces Dug 1 | . 1 . . Terrain Destroyed 8 | . 1 . 7 Melee . | . . . . Projectile 1 | . 1 . . AOE 7 | . . . 7 Terrain Rammed . | . . . . Walls Destroyed . | . . . . Machines Disabled . | . . . . Actions | -11 -10 -10 -10 --------- Run | Yrd Mat Min Sub Total 2669 | 91 996 951 631 Wait 185 | . 13 72 100 Move 2176 | 59 858 854 405 Hop . | . . . . Pick Up 41 | 10 18 2 11 Fast Attach 13 | 1 11 1 . Attach 15 | 7 2 . 6 Detach 2 | 1 1 . . Swap 19 | . 9 2 8 Drop 15 | 1 8 1 5 Fire 189 | 12 76 19 82 Melee 14 | . . . 14 Ram . | . . . . Kick . | . . . . Crush . | . . . . Escape Stasis . | . . . . Rewire . | . . . . Trap . | . . . . Miscellaneous . | . . . . Route ------- -11/Scrapyard -10/Materials (discovered 4 exits: *Mat x3 / *Min) -10/Mines (discovered 4 exits: *Mat x2 / *Exi / *Sub) -10/Subcaves (discovered 2 exits: *Mat x2) History --------- Turn | Location | Event 7 | -11/Scrapyard | Identified exit to Materials 7 | -11/Scrapyard | Discovered exit to Materials (range 15) 130 | -11/Scrapyard | Entered Materials 130 | -10/Materials | Evolved 1 slot: Utility x1 312 | -10/Materials | Build established: Hacker-Mutant 606 | -10/Materials | Identified exit to Materials 606 | -10/Materials | Discovered exit to Materials (range 16) 989 | -10/Materials | Identified exit to Mines 989 | -10/Materials | Discovered exit to Mines (range 11) 1349 | -10/Materials | Discovered exit to Materials (range 16) 1679 | -10/Materials | Discovered exit to Materials (range 16) 1869 | -10/Materials | Entered Mines 1953 | -10/Mines | Deemed a non-threat by the Exiles lab entrance 1953 | -10/Mines | Identified exit to Exiles 1953 | -10/Mines | Discovered exit to Exiles (range 5) 2102 | -10/Mines | Discovered exit to Materials (range 14) 2450 | -10/Mines | Discovered exit to Materials (range 13) 2497 | -10/Mines | Received a Rocket Launcher from a helpful Derelict 2563 | -10/Mines | Identified exit to Subcaves 2563 | -10/Mines | Discovered exit to Subcaves (range 6) 2777 | -10/Mines | A weapon hastily lodged in a ceiling crevice suddenly fell to the ground 3372 | -10/Mines | Entered Subcaves 3372 | -10/Subcaves | Accompanied by 2 allies 3377 | -10/Subcaves | Led the pair of lost Derelicts to an unsafe place 3380 | -10/Subcaves | Learned location of 1 exit from Materials 3667 | -10/Subcaves | Ambushed by angry Subdweller bent on revenge 3882 | -10/Subcaves | A swath of the cavern ceiling suddenly collapsed 4196 | -10/Subcaves | Disturbed a concealed Subdweller 4206 | -10/Subcaves | Disturbed a concealed Subdweller 4235 | -10/Subcaves | Core integrity fell below 50% 4271 | -10/Subcaves | Lost 4 parts (1p2n1w) 4693 | -10/Subcaves | A swath of the cavern ceiling suddenly collapsed 4705 | -10/Subcaves | Identified exit to Materials 4705 | -10/Subcaves | Discovered exit to Materials (range 13) 4715 | -10/Subcaves | Shifting Twisted Machinery released Mak. Laser 4895 | -10/Subcaves | Discovered exit to Materials (range 10) 4914 | -10/Subcaves | Core integrity fell below 20% 4939 | -10/Subcaves | Shifting Twisted Machinery released Battle Rifle 5044 | -10/Subcaves | Destroyed by HR-PPV(R) with Subdweller Machine Gun Last Messages --------------- 04895_ EXIT=FOUND: MATERIALS 04898_ Q7-AGY(R): "ECOKILL!" 04901_ Acquired Multitool. 04902_ Q7-AGY(R) knocked back. 04914_ QA-02G(R) knocked back. 04920_ QA-02G(R) destroyed. 04922_ Lgt. Nuclear Core destroyed. 04924_ Q7-AGY(R) destroyed. Battle Rifle falls loose from the Twisted Machinery. 04943_ Acquired 13 matter. 04949_ Acquired 6 matter. 04954_ Acquired 31 matter. 04965_ Acquired 2 matter. 04987_ Acquired Battle Rifle. 05016_ Acquired 14 matter. 05026_ Lgt. Nuclear Core destroyed. 05041_ Critical hit (Destroy). 05041_ Structural Scanner destroyed. 05044_ HR-PPV(R) knocked back. Map ----- +----------------------------------------------------+ | ?????????????????????????????????????????????????? | | ?????????????????????????????????????????????????? | | ?????????????????????????????????????????????????? | | ?????????????????????????????????????????????????? | | ?????????????????????????????????????????????????? | | ?????????????????????????????????????????????????? | | ?????????????????????????????????????????????????? | | ?????????????????????????????????????????????????? | | ?????????????????????????????????????????????????? | | ?????????????????????#########??????????########## | | ?????????????????????##########?????????########## | | ?????????????????????## "" ###?????????## ""####" | | ?????????????????????## " ##?????????##"" "" | | ?????????????????????### " ##############" ""# | | ????????????????????### ## ##############" "" | | ????????????????????### " # #!% # #"#"" < # | | ???????????????####### %!!= " " " | | ????????????##########"" # # ## # # # ## "## | | ???????????#### # # #% "###################"## "" | | ???????????## ######### "######### "" | | ???????????## ###### % #######" ######### " | | ????????????? #######* ### ## ##""# " "" | | ??????????????####### R ## """" | | ?????????????? # # # """ | | ??????????? ![ < # # # # # # | | ?????????? ####@* ## ############### | | ?????????? # ######% #### #######?######## | | ??????????? #####?##############????????????? | | ??????????? ### ####???############?????????????? | | ???????????"### ?????????????????????????????????? | | ?????????????????????????????????????????????????? | | ?????????????????????????????????????????????????? | | ?????????????????????????????????????????????????? | | ?????????????????????????????????????????????????? | | ?????????????????????????????????????????????????? | | ?????????????????????????????????????????????????? | | ?????????????????????????????????????????????????? | | ?????????????????????????????????????????????????? | | ?????????????????????????????????????????????????? | | ?????????????????????????????????????????????????? | | ?????????????????????????????????????????????????? | | ?????????????????????????????????????????????????? | | ?????????????????????????????????????????????????? | | ?????????????????????????????????????????????????? | | ?????????????????????????????????????????????????# | | ?????????????????????????????????????????????????# | | ?????????????????????????????????????????????????# | | ?????????????????????????????????????????????????# | | ?????????????????????????????????????????????????# | | ?????????????????????????????????????????????????? | +----------------------------------------------------+ Best States ------------- Heat Dissipation 25 Energy Generation 18 Energy Capacity 250 Matter Stores 300 Matter Capacity 300 Sight Range 16 Robot Scan Range 14 Terrain Scan Density 10 Armor Coverage 300 Resistance: KI 35 Resistance: TH 35 Resistance: EX 35 Resistance: EM 35 Resistance: I 35 Resistance: S 35 Resistance: P 35 Evasion (%) 50 Recoil Reduction 2 Offensive Hacking 20 Item Schematics ----------------- Sml. Storage Unit | -10/Materials | Hacked Med. Storage Unit | -10/Materials | Hacked Lrg. Storage Unit | -10/Materials | Hacked Hcp. Storage Unit | -10/Materials | Hacked Huge Storage Unit | -10/Materials | Hacked Cargo Storage Unit | -10/Materials | Hacked Datajack | -10/Materials | Hacked Structural Scanner | -10/Materials | Hacked Sensor Array | -10/Materials | Hacked Mining Laser | -10/Materials | Hacked Robot Schematics ------------------ None Fabricated ------------ Nothing Repaired ---------- Nothing Studied --------- None Alien Tech Used ----------------- None Achievements -------------- None Challenges ------------ None Game ------ Seed HellfireRapidTube Manual? 0 Play Time 00:25:08 Cumulative 289.7 hours Start 2026.01.19 @ 12:00:09 End 2026.01.19 @ 12:45:57 Sessions 1 Manual Loads 0 Difficulty Explorer Special Mode None Game No. 450 Rogue 0 Adventurer 0 Explorer 450 Win Type - Total 0 Types 0/0/0/0/0/0/0/0/0/0 Lore% 75 Gallery% 70 Achievement% 55 Wizard Run 0 Options --------- Layout 1 ASCII 0 Keyboard 0 Movement Mouse Keybinds 1 Fullscreen 1 Font 24/Smallcaps Map View 50x35 Zoom Use 0% Tactical HUD 1 Map Filters NONE Filters NONE Steam 1 RUN: 2f3985b5-3a9e-4a9b-bd9d-a6ed12c66b8d